 Dungeon Crawl Stone Soup version 0.28.0-53-g5a82cb258f (webtiles) character file.

Game seed: 15962531447560737314

325703 Gabide the Evocator (level 21, -21/178 (187) HPs)
             Began as a Barachi Artificer on June 16, 2022.
             Was a Favourite Plaything of Xom.
             Killed from afar by an ironbound thunderhulk (61 damage)
             ... with a bolt of lightning
             ... on level 1 of the Vaults.
             The game lasted 04:14:42 (76843 turns).

Gabide the Evocator (Barachi Artificer)            Turns: 76843, Time: 04:14:44

HP:   -21/178 (187) AC: 34    Str: 23    XL:     21   Next: 63%
MP:   21/21         EV: 27    Int: 16    God:    Xom [...*..]
Gold: 2276          SH:  0    Dex: 14    Spells: 20/20 levels left

rFire   + . .      SeeInvis .   i - +8 great mace (vorpal)
rCold   . . .      Faith    .   (shield currently unavailable)
rNeg    . . .      Spirit   .   g - +9 plate armour {rF+}
rPois   +          Reflect  .   C - +0 hat "Taffusig" {rPois rCorr}
rElec   .          Harm     .   o - scarf {repulsion}
rCorr   +          Rampage  .   k - +2 pair of gloves {Stlth+}
Will    ++...      Rage     1%  U - +2 pair of boots
Stlth   ..........              K - amulet of Saddas {Acrobat Fly rCorr Int+4}
HPRegen 0.39/turn               h - +4 ring of slaying
MPRegen 0.17/turn               Z - ring of willpower

@: death channelling, on berserk cooldown, acrobatic, flying, slowed, studying
Shields, lightly drained, repel missiles, very slow
A: amphibious, slowness 1, strong legs 2, +LOS, antennae 1, berserk 1
}: 2/15 runes: serpentine, barnacled
a: Hop, Renounce Religion


You were on level 1 of the Vaults.
You worshipped Xom.
You were a favourite toy of Xom.
You visited 8 branches of the dungeon, and saw 37 of its levels.
You also visited: Trove, Ossuary, Gauntlet, Ice Cave and Volcano.

You collected 6472 gold pieces.
You spent 4196 gold pieces at shops.

Inventory:

Hand Weapons
 f - the +3 mace of Bofayf {holy, rN+++ Str+6}
   (You found it in a Gauntlet)

   It has been blessed by the Shining One to cause great damage to the undead
   and demons.
   Str:       It affects your strength (+6).
   rN:        It renders you almost immune to negative energy.
 i - a +8 vorpal great mace (weapon)
 t - the +10 flail "Pittoih" {spect, rElec Will+}
   (You bought it in a shop on level 4 of the Snake Pit)

   When its wielder attacks, the weapon's spirit leaps out and strikes again.
   The spirit shares a part of any damage it takes with its wielder.
   rElec:     It insulates you from electricity.
   Will:      It increases your willpower.
Armour
 g - a +9 plate armour of fire resistance (worn)
 k - a +2 pair of gloves of stealth (worn)
 o - a scarf of repulsion (worn)
 C - the +0 hat "Taffusig" (worn) {rPois rCorr}
   (You found it on level 6 of the Lair of Beasts)

   rPois:     It protects you from poison.
   rCorr:     It protects you from acid and corrosion.
 E - a +1 hat of stealth
 F - a scarf of invisibility
 J - a scarf of resistance
 S - the +8 plate armour of Defiance {+Blink Int+2}
   (You bought it in a shop on level 1 of the Depths)

   Int:       It affects your intelligence (+2).
   +Blink:    It lets you blink.
 U - a +2 pair of boots (worn)
Jewellery
 d - a +4 ring of evasion
 h - a +4 ring of slaying (left hand)
 l - a +4 ring of protection
 G - an amulet of reflection
 K - the amulet of Saddas (around neck) {Acrobat Fly rCorr Int+4}
   (You took it off a minotaur in a Gauntlet)

   [amulet of the acrobat]

   It increases your evasion while moving and waiting.
   Int:       It affects your intelligence (+4).
   Fly:       It grants you flight.
   rCorr:     It protects you from acid and corrosion.
 Z - a ring of willpower (right hand)
Wands
 a - a wand of acid (14)
 r - a wand of digging (5)
 w - a wand of polymorph (21)
 x - a wand of iceblast (4) (quivered)
 X - a wand of flame (12)
 Y - a wand of paralysis (9)
Scrolls
 b - 13 scrolls of fear
 m - 3 scrolls of blinking
 q - 5 scrolls of fog
 u - a scroll of brand weapon
 v - 5 scrolls of immolation
 z - 2 scrolls of silence
 A - 5 scrolls of amnesia
 B - 9 scrolls of noise
 H - 2 scrolls of holy word
 P - 6 scrolls of teleportation
 R - a scroll of magic mapping
 T - 5 scrolls of vulnerability
Potions
 c - 3 potions of berserk rage
 j - 2 potions of cancellation
 n - 3 potions of attraction
 p - a potion of resistance
 s - 7 potions of curing
 y - 2 potions of haste
 D - 5 potions of magic
 I - 7 potions of brilliance
 Q - a potion of invisibility
 V - a potion of heal wounds
 W - a potion of ambrosia
Miscellaneous
 e - a piece from Xom's chessboard (15/15)
 L - a phantom mirror
 M - a condenser vane (inert)
 N - a box of beasts
 O - a lightning rod (4/4)


   Skills:
 + Level 21.5 Fighting
 - Level 21.0 Maces & Flails
 - Level 18.0 Armour
 - Level 12.0 Dodging
 - Level 1.0 Stealth
 + Level 23.3 Evocations


You had 20 spell levels left.
You didn't know any spells.
Your spell library contained the following spells:

 Spells                   Type           Power      Damage    Failure   Level
 Beastly Appendage        Tmut           0%         N/A       86%         1
 Foxfire                  Conj/Fire      0%         2x1d4     86%         1
 Freeze                   Ice            0%         1d3       86%         1
 Sandblast                Erth           0%         2d4       86%         1
 Shock                    Conj/Air       0%         1d3       86%         1
 Slow                     Hex            0%         N/A       86%         1
 Sting                    Tmut/Pois      0%         1d3       86%         1
 Blink                    Tloc           0%         N/A       95%         2
 Corpse Rot               Necr/Air       0%         N/A       95%         2
 Passwall                 Tmut/Erth      0%         N/A       95%         2
 Poisonous Vapours        Pois/Air       0%         N/A       95%         2
 Sublimation of Blood     Necr           0%         N/A       95%         2
 Wereblood                Tmut           0%         N/A       95%         2
 Call Canine Familiar     Summ           0%         N/A       99%         3
 Confusing Touch          Hex            0%         N/A       99%         3
 Frozen Ramparts          Ice            0%         1d2       99%         3
 Gell's Gravitas          Tloc           0%         N/A       99%         3
 Inner Flame              Hex/Fire       0%         N/A       99%         3
 Lesser Beckoning         Tloc           0%         N/A       99%         3
 Portal Projectile        Hex/Tloc       0%         N/A       99%         3
 Spider Form              Tmut/Pois      0%         N/A       99%         3
 Stone Arrow              Conj/Erth      0%         3d7       99%         3
 Swiftness                Air            0%         N/A       99%         3
 Teleport Other           Tloc           0%         N/A       99%         3
 Tukima's Dance           Hex            0%         N/A       99%         3
 Vampiric Draining        Necr           0%         2d6       99%         3
 Airstrike                Air            0%         N/A       100%        4
 Animate Dead             Necr           0%         N/A       100%        4
 Dispel Undead            Necr           0%         3d6       100%        4
 Fulminant Prism          Conj/Hex       0%         3d6       100%        4
 Hailstorm                Conj/Ice       0%         3d3       100%        4
 Ice Form                 Ice/Tmut       0%         N/A       100%        4
 Iskenderun's Mystic Bla  Conj/Tloc      0%         2d3       100%        4
 Leda's Liquefaction      Hex/Erth       0%         N/A       100%        4
 Olgreb's Toxic Radiance  Pois           0%         N/A       100%        4
 Passage of Golubria      Tloc           0%         N/A       100%        4
 Petrify                  Tmut/Erth      0%         N/A       100%        4
 Summon Ice Beast         Ice/Summ       0%         N/A       100%        4
 Borgnjor's Vile Clutch   Necr/Erth      0%         N/A       100%        5
 Fireball                 Conj/Fire      0%         3d3       100%        5
 Freezing Cloud           Conj/Ice/Air   0%         6-21      100%        5
 Irradiate                Conj/Tmut      0%         3d13      100%        5
 Lee's Rapid Deconstruct  Erth           0%         3d5*      100%        5
 Manifold Assault         Tloc           0%         N/A       100%        5
 Metabolic Englaciation   Hex/Ice        0%         N/A       100%        5
 Silence                  Hex/Air        0%         N/A       100%        5
 Summon Forest            Summ/Tloc      0%         N/A       100%        5
 Summon Mana Viper        Hex/Summ       0%         N/A       100%        5
 Yara's Violent Unravell  Hex/Tmut       0%         3d3       100%        5
 Death Channel            Necr           0%         N/A       100%        6
 Dispersal                Tloc           0%         N/A       100%        6
 Eringya's Noxious Bog    Tmut/Pois      0%         N/A       100%        6
 Simulacrum               Ice/Necr       0%         N/A       100%        6
 Starburst                Conj/Fire      0%         6d3       100%        6
 Statue Form              Tmut/Erth      0%         N/A       100%        6
 Summon Cactus Giant      Summ           0%         N/A       100%        6
 Enfeeble                 Hex            0%         N/A       100%        7
 Ozocubu's Refrigeration  Ice            0%         4d5       100%        7
 Summon Hydra             Summ           0%         N/A       100%        7
 Ignition                 Fire           0%         3d3       100%        8
 Lehudib's Crystal Spear  Conj/Erth      0%         10d2      100%        8


Dungeon Overview and Level Annotations

Branches:
Dungeon (15/15)            Temple (1/1) D:6            Lair (6/6) D:10
 Shoals (4/4) Lair:3        Snake (4/4) Lair:4        Slime (0/5) Lair:5
    Orc (2/2) D:9             Elf (0/3) Orc:2        Vaults (1/5) D:13
 Depths (4/4) D:15            Zot (0/5) Depths:4    Ossuary (visited)
  IceCv (visited)         Volcano (visited)         Gauntlet (visited)

Altars:
Ashenzari
Cheibriados
Dithmenos
Elyvilon
Fedhas
Gozag
Hepliaklqana
Kikubaaqudgha
Makhleb
Nemelex Xobeh
Okawaru
Qazlal
Ru
Sif Muna
Trog
Uskayaw
Vehumet
Wu Jian
Xom
Yredelemnul
Zin
The Shining One
Beogh
Jiyva
Lugonu

Shops:
D:1 (   D:14 :   Orc:2 =*[(   Shoals:3 (**[   Snake:4 (   Depths:1 (=*

Portals:
Hell: Depths:1 Depths:2 Depths:3 Depths:4
Abyss: Depths:1 Depths:3
Pandemonium: Depths:1 Depths:2
Ziggurat: Depths:2

Annotations:
D:7 1 runed translucent door
Shoals:1 Roxanne
Shoals:4 exclusion: simulacrum
Snake:4 3 exclusions


Innate Abilities, Weirdness & Mutations

You are amphibious.
You cover ground slowly.
You can hop long distances.
You have an extended range of vision and can be seen from far away.
You have a pair of small antennae on your head.
You tend to lose your temper in combat.


Message History

The broodmother bites your spectral ironbound convoker!
The two-headed ogre is engulfed in blazing flames.
Your spectral ironbound convoker is engulfed in blazing flames.
Your spectral ironbound convoker hits the broodmother.
The broodmother closely misses your spectral ironbound convoker.
The ironbound thunderhulk is engulfed in blazing flames.
Strange energies crackle from the ironbound thunderhulk's apparatus.
The ironbound thunderhulk blinks!
The two-headed ogre is engulfed in blazing flames.
You kill the two-headed ogre!
The two-headed ogre's corpse dissolves into shadows!
Your spectral ironbound convoker is engulfed in blazing flames.
Your spectral ironbound convoker hits the broodmother!
The broodmother bites your spectral ironbound convoker!!
Your spectral ironbound convoker is destroyed!
There is an open door here.
You hit the ironbound thunderhulk.
The ironbound thunderhulk is lightly wounded.
The broodmother changes into an ettin!
The ironbound thunderhulk hits you with a +0 dire flail!
* * * LOW HITPOINT WARNING * * *
Unknown command.
You barely miss the ironbound thunderhulk.
The ironbound thunderhulk is lightly wounded.
Your spectral deep elf sorcerer is engulfed in blazing flames.
Your spectral deep elf sorcerer hits the ettin.
Your spectral deep elf sorcerer drains the ettin.
Strange energies crackle from the ironbound thunderhulk's apparatus.
The ironbound thunderhulk blinks!
The ettin hits your spectral deep elf sorcerer!!
The ettin hits your spectral deep elf sorcerer.
Your spectral deep elf sorcerer is engulfed in blazing flames.
Your spectral deep elf sorcerer hits the ettin but does no damage.
The ettin hits your spectral deep elf sorcerer.
The ettin hits your spectral deep elf sorcerer!!
Your spectral deep elf sorcerer is destroyed!
Electricity crackles from the ironbound thunderhulk's apparatus.
The bolt of lightning hits you!!!
You die...
Xom laughs nastily!

#......# #.....# O ######'##
#.....# #...# #.....# #
###...####.....# p .#
#.......##.....# ..#
#.......##.....####### ....
#.......##.....#.....# .....
###...####.[...##...# ......
#...# #....@##...###§).#
######''####.....'§....°§§.#
....[............##...##Cg.#
.................##..O###..O#
.................#.....#
......
.................##...##
......
.................##...##
...§..
'#################.....#
....# .......# ##...## ....#


You could see an ironbound thunderhulk (strong) and an ettin shaped shifter
(drained).

Vanquished Creatures
  Mennas (Depths:3)
  2 juggernauts
  Margery (Depths:2)
  2 caustic shrikes (Depths:2)
  A golden dragon (Depths:3)
  Nikola (Shoals:2)
  Jory (Depths:3)
  Jorgrun (Orc:1)
  A walking crystal tome (Depths:2)
  A walking divine tome (Depths:3)
  2 tentacled monstrosities (Depths:2)
  A titan (Depths:3)
  A lich (Depths:3)
  A walking frostbound tome (Depths:3)
  Asterion (Depths:2)
  A quicksilver dragon (Depths:3)
  4 sphinxes
  The ghost of Peloso the Fencer, an adept MiFi of Okawaru (Shoals:2)
  2 storm dragons (Depths:3)
  Donald (Snake:3)
  A shadow dragon (Depths:2)
  4 nagarajas
  A deep elf sorcerer (Vaults:1)
  4 fire giants
  4 vault wardens (Vaults:1)
  6 frost giants
  An iron dragon (Depths:3)
  A balrug (Depths:4)
  An ironbound preserver (Vaults:1)
  15 very ugly things
  3 stone giants
  A spriggan defender (Depths:4)
  2 vampire knights
  A minotaur (Gauntlet)
  Nessos (D:14)
  A bunyip (Lair:6)
  9 dire elephants
  An entropy weaver (Vaults:1)
  A spark wasp (Depths:3)
  3 ettins
  Snorg (Orc:1)
  4 fire dragons
  7 merfolk impalers
  4 merfolk javelineers
  Josephine (D:14)
  2 yaktaur captains (Vaults:1)
  4 great orbs of eyes
  A rakshasa (D:15)
  8 vault guards
  A great orb of eyes (shapeshifter) (Depths:2)
  9 naga warriors
  2 ice dragons
  A spriggan skeleton (Depths:3)
  9 hydras
  8 boulder beetles
  4 salamander tyrants (Snake:4)
  2 spriggan air magi
  An ironbound frostheart (Vaults:1)
  2 merfolk avatars
  Erica (Lair:1)
  8 anacondas
  An alligator (Lair:6)
  7 centaur warriors
  5 merfolk aquamancers
  A catoblepas (Lair:6)
  5 two-headed ogres
  4 deep troll shamans
  A jorogumo (Depths:1)
  4 tengu warriors
  4 satyrs
  17 death yaks
  6 deep troll earth magi
  3 orc high priests (Orc:2)
  2 shock serpents
  A deep elf knight (D:13)
  8 hell knights
  11 naga sharpshooters
  3 spriggan berserkers
  2 sun demons
  Nergalle (Orc:1)
  A fire crab (Gauntlet)
  4 salamander mystics
  A sixfirhy (Gauntlet)
  A soul eater (Depths:1)
  The ghost of crompyre the Vexing, a novice GnAM (D:7)
  A spark wasp zombie (Depths:2)
  8 iron trolls
  A glowing orange brain (Depths:3)
  7 sea snakes
  16 deep trolls
  A tengu zombie (Depths:3)
  16 harpies
  3 orc knights
  A deep elf archer (D:13)
  4 wizards (Vaults:1)
  5 naga ritualists
  2 wolf spiders
  3 ironbound convokers (Vaults:1)
  3 necromancers
  4 lindwurms
  2 deep elf pyromancers
  8 mana vipers
  5 orc sorcerers
  14 manticores
  15 fauns
  A shining eye (shapeshifter) (Depths:3)
  A moth of wrath (Lair:6)
  A shining eye (Shoals:1)
  A shadow dragon skeleton (Depths:2)
  8 cyclopes
  11 salamanders
  A spectral deep troll (Depths:1)
  A frost giant skeleton (Depths:3)
  25 ugly things
  6 guardian serpents
  10 elephants
  A rust devil (Depths:1)
  10 merfolk sirens
  12 naga magi
  35 black mambas
  A smoke demon (Depths:4)
  An ice statue (IceCv)
  Maurice (D:13)
  4 vault sentinels (Vaults:1)
  9 cane toads
  2 molten gargoyles (Volcano)
  4 gargoyles
  14 rime drakes
  8 water nymphs
  A torpor snail (Lair:6)
  10 komodo dragons
  A hellion (Depths:1)
  7 yaktaurs
  A yaktaur (shapeshifter) (Depths:3)
  2 tengu conjurers (D:13)
  An ice devil (Gauntlet)
  2 efreet
  3 meliai
  A queen bee (Lair:1)
  A meliai (shapeshifter) (Shoals:1)
  7 polar bears
  9 trolls
  4 wind drakes
  30 merfolk
  3 hornets
  A tarantella (Snake:2)
  16 blink frogs
  9 dream sheep
  5 snapping turtles
  9 slime creatures
  A spriggan (Depths:4)
  82 yaks
  11 water elementals
  11 fire bats
  8 wraiths
  12 basilisks
  3 wyverns
  A hog (shapeshifter) (Vaults:1)
  A vampire (D:14)
  A fire elemental (Volcano)
  A human (Shoals:4)
  A chaos spawn (Depths:1)
  A steam dragon (D:7)
  3 redbacks (Vaults:1)
  5 vampire mosquitoes
  2 wargs
  A warg (shapeshifter) (Shoals:2)
  52 nagas
  A human zombie (Depths:3)
  10 water moccasins
  2 hell hounds (Gauntlet)
  2 acid dragons
  Duvessa (D:6)
  26 orc warriors
  2 sky beasts
  12 ogres
  4 black bears
  14 centaurs
  A necrophage (D:4)
  24 wolves
  A phantom (D:5)
  12 bullfrogs
  6 scorpions (D:7)
  2 earth elementals (Volcano)
  A cane toad simulacrum (D:12)
  A two-headed ogre simulacrum (D:12)
  A water moccasin zombie (D:5)
  3 water moccasin skeletons
  Dowan (D:6)
  An electric eel (Lair:2)
  A spectral centaur (D:7)
  2 centaur zombies
  6 lava snakes (Volcano)
  2 bullfrog skeletons
  2 centaur skeletons (D:7)
  A hound (D:6)
  A gnoll shaman (D:6)
  A jelly (D:8)
  23 orc priests
  5 iguanas
  21 orc wizards
  A troll simulacrum (D:12)
  6 hell rats
  2 spriggan simulacra (D:12)
  2 wolf simulacra (D:12)
  A hound zombie (D:5)
  A hound skeleton (D:4)
  13 mummies (Ossuary)
  7 gnolls
  2 howler monkey zombies
  7 adders
  2 howler monkey skeletons
  A naga simulacrum (D:12)
  3 shadow imps
  6 white imps
  6 ufetubi
  An adder skeleton (D:5)
  A dart slug (D:2)
  94 orcs
  5 ball pythons
  6 endoplasms
  6 giant cockroaches
  8 goblins
  10 hobgoblins
  3 quokkas
  3 bats
  3 frilled lizards
  2 gnoll skeletons (Ossuary)
  3 goblin skeletons (Ossuary)
  6 kobolds
  2 kobold skeletons (Ossuary)
  An orc skeleton (Ossuary)
  20 rats
  11 rat skeletons (Ossuary)
1307 creatures vanquished.

Vanquished Creatures (collateral kills)
  Rupert (D:14)
  A shadow dragon (Depths:2)
  2 tengu reavers (Depths:2)
  A nagaraja (Snake:4)
  A frost giant (Depths:2)
  A stone giant (Depths:2)
  A very ugly thing (Vaults:1)
  The ghost of waddelsworth the Earth Mage, a journeyman GrEE of Vehumet (Lair:6)
  A dire elephant (Vaults:1)
  A hydra (Lair:3)
  2 catoblepae
  3 naga warriors (Snake:4)
  4 death yaks
  A deep troll earth mage (Depths:2)
  A naga sharpshooter (Snake:4)
  A shock serpent (Snake:4)
  Sonja (Orc:1)
  A salamander mystic (Snake:4)
  2 necromancers
  An orc knight (Orc:2)
  A mana viper (Snake:4)
  3 salamanders (Snake:4)
  8 elephants
  A manticore (Lair:6)
  A stone giant skeleton (Depths:2)
  A black mamba (Lair:5)
  A naga mage (Snake:4)
  3 cane toads (Lair:6)
  A komodo dragon (D:12)
  A merfolk (Shoals:4)
  A meliai (D:14)
  4 dream sheep (Lair:5)
  A yak (Lair:5)
  A spriggan (Depths:4)
  A wyvern (Lair:6)
  A basilisk (Lair:5)
  3 nagas (Snake:4)
  2 water moccasins (Lair:6)
  An orc warrior (Orc:1)
  A wolf (Lair:6)
  An ogre (Orc:1)
  2 wights (D:6)
  A hound zombie (D:5)
  7 orcs
  A hobgoblin (D:4)
  A quokka (D:4)
  A ball python (D:4)
  A kobold (D:4)
  A rat (D:2)
81 creatures vanquished.

Vanquished Creatures (others)
  Kirke (Shoals:1)
  An orc warlord (Orc:2)
  A dancing weapon (Shoals:1)
  A hell knight (Depths:1)
  A gargoyle (Volcano)
  5 yaks
  3 humans (Shoals:1)
  An orc warrior (D:11)
  3 orc priests
  An orc wizard (D:11)
  A shadow imp (D:4)
  4 orcs
  40 fungi
  131 plants
  4 tentacles (Shoals:4)
198 creatures vanquished.

Grand Total: 1586 creatures vanquished

Notes
Turn   | Place    | Note
-------+----------+-------------------------------------------
     0 | D:1      | Gabide the Barachi Artificer began the quest for the Orb.
     0 | D:1      | Reached XP level 1. HP: 15/15 MP: 1/1
    26 | D:1      | Reached skill level 1 in Stealth
   165 | D:1      | Reached XP level 2. HP: 12/21 MP: 2/2
   773 | D:1      | Found Nieshroko's Weapon Boutique.
  1449 | D:2      | Reached XP level 3. HP: 13/27 MP: 3/3
  2149 | D:2      | Noticed an ogre
  2584 | D:2      | Killed an ogre
  2585 | D:2      | Reached skill level 4 in Evocations
  2585 | D:2      | Reached XP level 4. HP: 16/35 MP: 4/4
  2585 | D:2      | Reached XP level 5. HP: 19/41 MP: 5/5
  3494 | D:3      | Reached skill level 1 in Maces & Flails
  3650 | D:3      | Reached skill level 5 in Evocations
  3870 | D:3      | Reached XP level 6. HP: 22/47 MP: 6/6
  5291 | D:4      | Found a transporter.
  5297 | D:4      | Found a transporter.
  5424 | D:4      | Reached XP level 7. HP: 52/52 MP: 7/7
  5566 | D:4      | Reached skill level 6 in Evocations
  5653 | D:4      | Reached skill level 5 in Maces & Flails
  6123 | D:1      | Bought a +0 vorpal great mace for 163 gold pieces
  6252 | D:5      | Entered Level 5 of the Dungeon
  6758 | D:5      | Found an iron altar of Okawaru.
  6760 | D:5      | Noticed a two-headed ogre
  6775 | D:5      | Killed a two-headed ogre
  6776 | D:5      | Reached XP level 8. HP: 43/58 MP: 8/8
  7233 | D:5      | Reached skill level 10 in Maces & Flails
  7233 | D:5      | Reached XP level 9. HP: 59/63 MP: 9/9
  7498 | D:6      | Found a staircase to the Ecumenical Temple.
  7605 | Temple   | Entered the Ecumenical Temple
  8528 | Temple   | Became a worshipper of Xom of Chaos
  8622 | D:6      | XOM: silly message
  9009 | D:6      | Noticed Duvessa
  9009 | D:6      | Noticed Dowan
  9014 | D:6      | Killed Duvessa
  9024 | D:6      | Killed Dowan
  9040 | D:6      | XOM: cloud trail
  9461 | D:6      | XOM: scenery: 1 doors open
  9741 | D:7      | Found a runed translucent door.
  9768 | D:7      | Found a sand-covered staircase.
  9774 | D:7      | Noticed a two-headed ogre
  9780 | D:7      | XOM: swap monsters
  9785 | D:7      | Killed a two-headed ogre
  9790 | Ossuary  | Entered an ossuary
  9849 | Ossuary  | XOM: noise
  9918 | Ossuary  | Reached XP level 10. HP: 45/70 MP: 10/10
 10046 | Ossuary  | XOM: cloud trail
 10124 | Ossuary  | XOM: noise
 10188 | Ossuary  | XOM: noise
 10441 | Ossuary  | XOM: divination: magic mapping
 10446 | Ossuary  | XOM is BORED!
 10446 | Ossuary  | XOM: summons 3 hostile shadow creatures
 10505 | D:7      | Found a runed translucent gate.
 10505 | D:7      | Found a runed translucent gate.
 10505 | D:7      | Found a runed translucent gate.
 10509 | D:7      | Noticed crompyre's ghost (novice GnAM)
 10539 | D:7      | Found a runed translucent door.
 11078 | D:7      | XOM: enchant monster (bad)
 11085 | D:7      | XOM: polymorph butterfly -> adder
 11313 | D:7      | XOM: stat loss: -1 Dex (11/12)
 11319 | D:7      | XOM: summons friendly white imp
 11329 | D:7      | Killed crompyre's ghost
 11554 | D:8      | XOM: scenery: create altars
 11635 | D:8      | XOM: summons 2 hostile shadow creatures
 11768 | D:8      | XOM: summons 2 hostile demons
 12006 | D:8      | Reached skill level 7 in Evocations
 12018 | D:8      | Noticed a deep elf pyromancer
 12021 | D:8      | Killed a deep elf pyromancer
 12022 | D:8      | Reached skill level 5 in Fighting
 12022 | D:8      | Reached skill level 5 in Armour
 12172 | D:9      | XOM: torment (38/74 hp)
 12369 | D:9      | XOM: noise
 12389 | D:9      | XOM: summons 6 hostile demons
 12390 | D:9      | Noticed an orange demon
 12556 | D:9      | Found a staircase to the Orcish Mines.
 12564 | D:9      | XOM: chaos upgrade
 12620 | D:9      | XOM: 1-stop teleportation journey
 12721 | D:9      | XOM: silly message
 12782 | D:9      | XOM: chaos cloud
 13289 | D:9      | Gained mutation: Your system is resistant to poisons.
                  | (rPois) [potion of mutation]
 13289 | D:9      | Gained mutation: You are weak. (Str -2) [potion of
                  | mutation]
 13289 | D:9      | Gained mutation: Your spells are a little harder to cast,
                  | but a little more powerful. [potion of mutation]
 13603 | D:10     | Entered Level 10 of the Dungeon
 13649 | D:10     | XOM: 1-stop teleportation journey
 13870 | D:10     | Reached XP level 11. HP: 66/82 MP: 11/11
 13972 | D:10     | XOM: chaos upgrade
 13975 | D:10     | Reached skill level 8 in Evocations
 13990 | D:10     | XOM: smoke on damage
 13998 | D:9      | XOM: polymorph yak -> yaktaur
 14033 | D:9      | XOM: scenery: summon butterflies
 14169 | D:9      | XOM: cloud trail
 14240 | D:9      | XOM: noise
 14370 | D:10     | XOM: silly message
 14429 | D:10     | Noticed a two-headed ogre
 14436 | D:10     | Killed a two-headed ogre
 14565 | D:10     | XOM: scenery: summon butterflies
 14933 | D:10     | Found a staircase to the Lair.
 14943 | D:10     | Noticed a mana viper
 14943 | D:10     | a komodo dragon changed into a mana viper
 14943 | D:10     | XOM: polymorph komodo dragon -> mana viper
 14946 | D:10     | XOM: fog
 14949 | D:10     | XOM: potion effect (curing)
 14957 | D:10     | Killed a mana viper
 14958 | D:10     | Reached skill level 9 in Evocations
 15100 | Lair:1   | Entered Level 1 of the Lair of Beasts
 15100 | Lair:1   | Noticed Erica
 15138 | Lair:1   | Noticed a boulder beetle
 15317 | Lair:1   | Killed a boulder beetle
 15321 | Lair:1   | Killed Erica
 15627 | Lair:1   | XOM: divination: detect items
 15668 | Lair:1   | XOM: 1-stop teleportation journey
 15670 | Lair:1   | XOM: summons 5 friendly demons
 15810 | Lair:1   | XOM: summons 3 friendly demons
 15811 | Lair:1   | XOM: divination: magic mapping
 16276 | Lair:1   | XOM: summons friendly crimson imp
 16286 | Lair:1   | XOM: enchant monster (good)
 16305 | Lair:1   | Reached skill level 10 in Evocations
 16305 | Lair:1   | Reached XP level 12. HP: 55/95 MP: 12/12
 16541 | Lair:1   | XOM: noise
 16543 | Lair:1   | XOM: potion effect (brilliance)
 16569 | Lair:1   | XOM: noise
 16578 | Lair:1   | XOM: polymorph yak -> guardian serpent
 16588 | Lair:1   | XOM: swap monsters
 16609 | Lair:1   | XOM: swap monsters
 16859 | Lair:1   | XOM: polymorph cane toad -> queen bee
 16934 | Lair:1   | XOM: scenery: summon butterflies
 17004 | Lair:1   | XOM: 2-stop teleportation journey
 17394 | Lair:1   | XOM: god gift: 13 stones
 17532 | Lair:1   | XOM: give mutations
 17532 | Lair:1   | Gained mutation: You expend magic power (3 MP) to
                  | strengthen your wands. [Xom's grace]
 17532 | Lair:1   | Gained mutation: Your mind is acute. (Int +2) [Xom's grace]
 17669 | Lair:2   | Found a dark tunnel.
 17754 | Volcano  | Entered a volcano
 17828 | Volcano  | XOM: scenery: create altars
 17878 | Volcano  | XOM: give mutations
 17878 | Volcano  | Gained mutation: Your spells are harder to cast, but more
                  | powerful. [Xom's grace]
 17878 | Volcano  | Gained mutation: Your flesh is cold resistant. (rC+) [Xom's
                  | grace]
 17878 | Volcano  | Gained mutation: You have hidden genetic potential. [Xom's
                  | grace]
 17878 | Volcano  | Gained mutation: Your flesh is heat resistant. (rF+) [Xom's
                  | grace]
 17895 | Volcano  | XOM: fog
 17898 | Volcano  | Reached skill level 10 in Fighting
 17898 | Volcano  | Reached skill level 10 in Armour
 17914 | Volcano  | XOM: destruction
 18062 | Volcano  | XOM: cloud trail
 18121 | Volcano  | XOM: divination: detect items
 18209 | Volcano  | Found a bloodstained altar of Trog.
 18213 | Volcano  | Reached skill level 11 in Evocations
 18315 | Volcano  | XOM: summons 1 hostile demon
 18376 | Volcano  | Noticed a stone giant
 18390 | Volcano  | Killed a stone giant
 18391 | Volcano  | Reached skill level 5 in Dodging
 18748 | Lair:2   | You fall into a shaft and drop 1 floor!
 18772 | Lair:3   | XOM: summons friendly crimson imp
 18774 | Lair:3   | XOM: enchant monster (bad)
 18795 | Lair:3   | Reached skill level 12 in Evocations
 18905 | Lair:3   | XOM: silly message
 19191 | Lair:3   | Found a gate leading to a gauntlet.
 19212 | Gauntlet | Entered a Gauntlet
 19212 | Gauntlet | Noticed a tengu warrior
 19212 | Gauntlet | Found a transporter.
 19212 | Gauntlet | Found a transporter.
 19213 | Gauntlet | Found a transporter.
 19213 | Gauntlet | Found a transporter.
 19252 | Gauntlet | Found a transporter.
 19260 | Gauntlet | Found a transporter.
 19264 | Gauntlet | Found a transporter.
 19273 | Gauntlet | Found a transporter.
 19286 | Gauntlet | Found a runed translucent door.
 19288 | Gauntlet | Noticed a catoblepas
 19290 | Gauntlet | Found a transporter.
 19304 | Gauntlet | Found a transporter.
 19308 | Gauntlet | Found a transporter.
 19317 | Gauntlet | Found a transporter.
 19637 | Gauntlet | XOM: enchant monster (bad)
 19644 | Gauntlet | XOM: swap monsters
 19654 | Gauntlet | Gained mutation: You can hop long distances. [Barachi
                  | growth]
 19654 | Gauntlet | Reached XP level 13. HP: 65/103 MP: 13/13
 19824 | Gauntlet | Identified the +3 mace of Bofayf {holy, rN+++ Str+6}
 19855 | Gauntlet | Identified the amulet of Saddas {Acrobat Fly rCorr Int+4}
 19855 | Gauntlet | Noticed a minotaur
 19860 | Gauntlet | Killed a minotaur
 19861 | Gauntlet | Reached skill level 13 in Evocations
 19979 | Lair:3   | XOM: fake destruction
 19995 | Lair:3   | XOM: noise
 20015 | Lair:3   | XOM: divination: detect creatures
 20017 | Lair:3   | XOM: polymorph death yak -> four-headed hydra
 20023 | Lair:3   | XOM: potion effect (haste)
 20040 | Lair:3   | XOM: divination: detect items
 20040 | Lair:3   | Gained mutation: Your flesh is very cold resistant. (rC++)
                  | [hidden potential]
 20046 | Lair:3   | XOM: cast spell 'Disjunction'
 20061 | Lair:3   | Reached skill level 14 in Evocations
 20100 | Lair:2   | XOM: 3-stop teleportation journey
 20233 | Lair:2   | XOM: cloud trail
 20355 | Lair:2   | XOM: 2-stop teleportation journey
 20395 | Lair:2   | XOM: god gift: staff of fire
 20456 | Lair:2   | XOM: summons friendly ufetubus
 20532 | Lair:2   | XOM: fake destruction
 20533 | Lair:2   | XOM: destruction
 20551 | Lair:2   | Identified the +4 great sword "Pamusi" {antimagic, rCorr
                  | Int+2}
 21168 | Lair:3   | Reached skill level 15 in Evocations
 21177 | Lair:3   | XOM: 1-stop teleportation journey
 21178 | Lair:3   | XOM: 1-stop teleportation journey
 21183 | Lair:3   | XOM: torment (53/103 hp)
 21372 | Lair:3   | Identified a scroll of acquirement
 21374 | Lair:3   | Acquired a +4 ring of protection
 21426 | Lair:3   | XOM: cloud trail
 21505 | Lair:3   | XOM: enchant monster (good)
 21751 | Lair:3   | Found a staircase to the Shoals.
 21761 | Lair:3   | XOM: destruction
 22137 | Lair:3   | XOM: noise
 22222 | Lair:4   | XOM: summons friendly iron imp
 22226 | Lair:3   | XOM: summons 13 friendly demons
 22675 | Lair:3   | XOM: god gift: scarf of repulsion
 22788 | Lair:4   | XOM: god gift: 3 scrolls of teleportation
 22907 | Lair:4   | XOM: confuse monster(s)
 22917 | Lair:4   | Found a staircase to the Snake Pit.
 22978 | Lair:4   | XOM: give mutation
 22978 | Lair:4   | Gained mutation: You have a somewhat thin skeletal
                  | structure. (Dex +2, Stealth+) [Xom's grace]
 23012 | Lair:4   | XOM: fog
 23016 | Lair:4   | XOM: scenery: summon butterflies
 23022 | Lair:4   | XOM: cleaving
 23029 | Lair:4   | Reached skill level 16 in Evocations
 23267 | Lair:4   | XOM: scenery: summon butterflies
 23539 | Lair:4   | XOM: give mutations
 23539 | Lair:4   | Lost mutation: Your mind is acute. (Int +2) [Xom's
                  | mischief]
 23539 | Lair:4   | Lost mutation: You have a somewhat thin skeletal structure.
                  | (Dex +2, Stealth+) [Xom's mischief]
 24488 | Lair:4   | Reached XP level 14. HP: 49/110 MP: 0/14
 24489 | Lair:4   | Reached skill level 17 in Evocations
 24709 | Lair:4   | XOM: god gift: 21 gold pieces
 24729 | Lair:5   | XOM: snakes to sticks
 24737 | Lair:5   | XOM: scenery: summon butterflies
 24738 | Lair:5   | XOM: divination: detect items
 24880 | Lair:5   | Found a viscous altar of Jiyva.
 24883 | Lair:5   | XOM: summons 14 friendly demons
 24901 | Lair:5   | Found a staircase to the Slime Pits.
 24976 | Lair:5   | Gained mutation: You are robust. (+10% HP) [hidden
                  | potential]
 24976 | Lair:5   | Lost mutation: You have hidden genetic potential. [hidden
                  | potential expressed]
 25150 | Lair:5   | XOM: polymorph cane toad -> basilisk
 25239 | Lair:5   | XOM: cast spell 'Discord'
 25252 | Lair:5   | Identified the amulet "Watucaf" {Acrobat Str+3} (Xom gifted
                  | it to you on level 5 of the Lair of Beasts)
 25252 | Lair:5   | XOM: god gift: amulet "Watucaf" {Acrobat Str+3}
 25814 | Lair:5   | XOM: silly message
 25871 | Lair:5   | XOM: divination: magic mapping
 26129 | Lair:5   | XOM: enchant monster (bad)
 26133 | Lair:5   | XOM: enchant monster (good)
 26136 | Lair:5   | XOM: blink monster(s)
 26143 | Lair:5   | Reached skill level 18 in Evocations
 26505 | Lair:5   | XOM: give mutation
 26505 | Lair:5   | Lost mutation: Your system is resistant to poisons. (rPois)
                  | [Xom's mischief]
 26657 | Lair:6   | Entered Level 6 of the Lair of Beasts
 26698 | Lair:6   | XOM: 1-stop teleportation journey
 26837 | Lair:6   | XOM: cloud trail
 26933 | Lair:6   | XOM: enchant monster (good)
 26938 | Lair:6   | XOM: destruction
 27174 | Lair:6   | Reached skill level 19 in Evocations
 27232 | Lair:6   | XOM: polymorph water moccasin -> naga
 27377 | Lair:6   | Found a transporter.
 27411 | Lair:6   | XOM: smoke on damage
 27770 | Lair:6   | Noticed waddelsworth's ghost (journeyman GrEE)
 27782 | Lair:6   | XOM: scenery: create altars
 27824 | Lair:6   | Found a transporter.
 27858 | Lair:6   | XOM: scenery: create altars
 27863 | Lair:6   | XOM: fog
 27866 | Lair:6   | XOM: summons friendly white imp
 27895 | Lair:6   | XOM: cleaving
 27907 | Lair:6   | XOM: 3-stop teleportation journey
 28219 | Lair:6   | XOM: god gift: staff of earth
 28223 | Lair:6   | XOM: summons 9 friendly demons
 28239 | Lair:6   | XOM: fog
 28240 | Lair:6   | HP: 6/121 [death yak (20)]
 28455 | Lair:6   | XOM: cloud trail
 28773 | Lair:6   | Noticed a dire elephant
 28773 | Lair:6   | a death yak changed into a dire elephant
 28773 | Lair:6   | XOM: polymorph death yak -> dire elephant
 28778 | Lair:6   | XOM: divination: magic mapping
 28798 | Lair:6   | XOM: swap monsters
 28801 | Lair:6   | Killed a dire elephant
 28802 | Lair:6   | Reached skill level 20 in Evocations
 28864 | Lair:6   | XOM: 2-stop teleportation journey
 29258 | Lair:6   | Reached XP level 15. HP: 66/126 MP: 15/15
 29677 | Lair:6   | XOM: silly message
 29932 | Lair:6   | XOM: 4-stop teleportation journey
 30303 | Lair:6   | XOM: summons 4 hostile shadow creatures
 30611 | Lair:6   | XOM: chaos cloud
 30614 | Lair:6   | XOM: noise
 30623 | Lair:6   | Killed waddelsworth's ghost
 30646 | Lair:6   | Identified the +0 hat "Taffusig" {rPois rCorr}
 30807 | Lair:6   | XOM: noise
 31801 | D:11     | XOM: enchant monster (bad)
 31803 | D:11     | XOM: divine lightning
 32375 | D:11     | XOM: silly message
 32527 | D:12     | XOM: 3-stop teleportation journey
 32560 | D:12     | XOM: enchant monster (bad)
 32561 | D:12     | XOM: cast spell 'Death Channel'
 32778 | D:12     | XOM: god gift: 33 gold pieces
 32862 | D:12     | XOM: summons friendly chaos spawn
 32923 | D:12     | XOM: god gift: scroll labelled NOYTIA LUOFIAL {god gift}
 32930 | D:12     | Found a blossoming altar of Fedhas.
 33066 | D:12     | Found a frozen archway.
 33068 | D:12     | XOM: cleaving
 33102 | IceCv    | Entered an ice cave
 33210 | IceCv    | XOM: divine lightning
 33314 | IceCv    | XOM: fog
 33328 | IceCv    | Reached skill level 15 in Maces & Flails
 33353 | IceCv    | XOM: destruction
 33366 | IceCv    | XOM: fog
 33430 | IceCv    | XOM: give mutation
 33430 | IceCv    | Gained mutation: You are partially covered in iridescent
                  | scales. (AC +2) [Xom's grace]
 33501 | IceCv    | Noticed a frost giant
 33514 | IceCv    | XOM: summons 6 friendly demons
 33549 | IceCv    | Killed a frost giant
 33867 | IceCv    | XOM: give mutations
 33867 | IceCv    | Gained mutation: You have large cloven feet. [Xom's grace]
 33867 | IceCv    | Gained mutation: You are very robust. (+20% HP) [Xom's
                  | grace]
 33867 | IceCv    | Gained mutation: You have hoof-like feet. [Xom's grace]
 33908 | IceCv    | Got the Incunabulum of the Glacier
 33923 | IceCv    | XOM: 4-stop teleportation journey
 34478 | D:13     | You are sucked into a shaft and drop 1 floor!
 34480 | D:14     | XOM: silly message
 34540 | D:14     | Found a portal to a secret trove of treasure.
 34696 | D:14     | Noticed Nessos
 34706 | D:14     | Killed Nessos
 34939 | D:14     | XOM: 8-stop teleportation journey
 34991 | D:14     | XOM: cast spell 'Chain of Chaos'
 35059 | D:14     | XOM: summons friendly white imp
 35059 | D:14     | Noticed Rupert
 35077 | D:14     | Killed Rupert
 35194 | D:14     | XOM: divination: magic mapping
 35463 | D:14     | XOM: cloud trail
 35630 | D:13     | Noticed Erolcha
 35632 | D:13     | Noticed Erolcha
 35632 | D:13     | Erolcha changed into Erolcha the meliai
 35636 | D:13     | Killed Erolcha the meliai
 35676 | D:13     | XOM: potion effect (haste)
 35813 | Orc:1    | Entered Level 1 of the Orcish Mines
 35813 | Orc:1    | Noticed Jorgrun
 35813 | Orc:1    | Noticed Nergalle
 36025 | Orc:1    | XOM: cast spell 'Call Canine Familiar'
 36052 | Orc:1    | XOM: potion effect (invisibility)
 36056 | Orc:1    | Killed Nergalle
 36057 | Orc:1    | Reached XP level 16. HP: 147/152 MP: 16/16
 36060 | Orc:1    | Killed Jorgrun
 36348 | Orc:1    | Noticed Snorg
 36351 | Orc:1    | Noticed Sonja
 36357 | Orc:1    | Killed Snorg
 36361 | Orc:1    | XOM: summons 10 friendly demons
 36366 | Orc:1    | Killed Sonja
 36547 | Orc:1    | XOM: 3-stop teleportation journey
 36849 | Orc:2    | Entered Level 2 of the Orcish Mines
 36878 | Orc:2    | XOM: cloud trail
 36879 | Orc:2    | XOM: noise
 37041 | Orc:2    | Found a staircase to the Elven Halls.
 37074 | Orc:2    | XOM: enchant monster (good)
 37405 | Orc:2    | XOM: noise
 37456 | Orc:2    | XOM: noise
 37508 | Orc:2    | XOM: cloud trail
 37510 | Orc:2    | XOM: silly message
 37574 | Orc:2    | XOM: silly message
 38046 | Orc:2    | XOM: silly message
 38400 | Orc:2    | Found Kaised's Antique Armour Boutique.
 38401 | Orc:2    | Found Qokkir's Antique Weapon Boutique.
 38404 | Orc:2    | Found Qygeush's General Store.
 38404 | Orc:2    | Found Veukhutui's Jewellery Shop.
 38678 | Orc:2    | Bought a glowing plate armour for 624 gold pieces
 38688 | Orc:2    | XOM: cloud trail
 38689 | Orc:2    | Bought a scroll of identify for 22 gold pieces
 38689 | Orc:2    | Bought a scroll of teleportation for 33 gold pieces
 38689 | Orc:2    | Bought a scroll of identify for 22 gold pieces
 38689 | Orc:2    | Bought a scroll of fear for 38 gold pieces
 38690 | Orc:2    | Bought a ring of willpower for 300 gold pieces
 38952 | D:13     | Noticed Maurice
 38957 | D:13     | Killed Maurice
 38961 | D:13     | XOM: summons 7 friendly demons
 38984 | D:13     | XOM: silly message
 39011 | D:13     | XOM: 5-stop teleportation journey
 39191 | D:13     | XOM is BORED!
 39191 | D:13     | XOM: noise
 39213 | D:13     | XOM: polymorph vault guard -> satyr
 39417 | D:13     | XOM: cast spell 'Monstrous Menagerie'
 39544 | D:13     | XOM: 5-stop teleportation journey
 39777 | D:13     | Found a gate to the Vaults.
 39993 | D:13     | XOM is BORED!
 39993 | D:13     | XOM: give mutations
 39993 | D:13     | Lost mutation: You are partially covered in iridescent
                  | scales. (AC +2) [Xom's mischief]
 39993 | D:13     | Lost mutation: Your flesh is heat resistant. (rF+) [Xom's
                  | mischief]
 39993 | D:13     | Lost mutation: You are weak. (Str -2) [Xom's mischief]
 39993 | D:13     | Gained mutation: You are dopey. (Int -2) [Xom's mischief]
 40081 | D:13     | XOM: god gift: 641 gold pieces
 40430 | D:14     | XOM: god gift: wand of flame (8)
 40512 | D:14     | XOM: god gift: scroll of silence
 40784 | D:14     | Found Guli Moh's Book Boutique.
 40836 | D:14     | Noticed Josephine
 40849 | D:14     | Killed Josephine
 41156 | D:15     | Entered Level 15 of the Dungeon
 41241 | D:15     | Found an ornate altar of the Wu Jian Council.
 41445 | D:15     | XOM: scenery: summon butterflies
 41640 | D:15     | XOM: destruction
 41652 | D:15     | XOM: potion effect (curing)
 41939 | D:15     | XOM: polymorph boulder beetle -> radroach
 41943 | D:15     | XOM: cast spell 'Discord'
 41948 | D:15     | XOM: divination: detect items
 42125 | D:15     | Found a staircase to the Depths.
 42131 | D:15     | XOM: swap monsters
 42136 | D:15     | XOM: silly message
 42525 | Shoals:1 | Entered Level 1 of the Shoals
 42532 | Shoals:1 | Noticed Kirke
 42535 | Shoals:1 | XOM: potion effect (curing)
 42549 | Shoals:1 | Killed Kirke
 42565 | Shoals:1 | XOM: confuse monster(s)
 42644 | Shoals:1 | XOM: give mutations
 42644 | Shoals:1 | Gained mutation: You have a somewhat thin skeletal
                  | structure. (Dex +2, Stealth+) [Xom's grace]
 42644 | Shoals:1 | Gained mutation: You passively dampen the noise of your
                  | surroundings. [Xom's grace]
 42739 | Lair:3   | XOM: divination: magic mapping
 42949 | Shoals:1 | XOM: summons 2 friendly demons
 42959 | Shoals:1 | Acquired 879 gold pieces
 43138 | Shoals:1 | Identified Roxanne's Tome of Transmutation
 43138 | Shoals:1 | Noticed Roxanne
 43143 | Shoals:1 | Reached XP level 17. HP: 153/164 MP: 17/17
 43161 | Shoals:1 | XOM: divination: detect items
 43169 | Shoals:1 | XOM: god gift: 15 stones
 43224 | Shoals:1 | XOM: summons friendly shadow imp
 43462 | Shoals:1 | XOM: polymorph wind drake -> shapeshifter
 43520 | Shoals:1 | XOM: give mutations
 43520 | Shoals:1 | Lost mutation: You have a somewhat thin skeletal structure.
                  | (Dex +2, Stealth+) [Xom's mischief]
 43520 | Shoals:1 | Lost mutation: You have hoof-like feet. [Xom's mischief]
 43520 | Shoals:1 | Lost mutation: You have large cloven feet. [Xom's mischief]
 43520 | Shoals:1 | Lost mutation: Your spells are harder to cast, but more
                  | powerful. [Xom's mischief]
 43521 | Shoals:1 | XOM: give mutation
 43521 | Shoals:1 | Gained mutation: You occasionally shout uncontrollably at
                  | your foes. [Xom's mischief]
 43646 | Shoals:1 | XOM: polymorph water nymph -> shining eye
 43648 | Shoals:1 | Gained mutation: You are clumsy. (Dex -2) [a shining eye]
 43862 | Shoals:1 | Gained mutation: You have large cloven feet. [a shining
                  | eye]
 43865 | Shoals:1 | Gained mutation: You frequently scream uncontrollably at
                  | your foes. [a shining eye]
 43870 | Shoals:1 | Lost mutation: Your spells are a little harder to cast, but
                  | a little more powerful. [potion of mutation]
 43870 | Shoals:1 | Lost mutation: You passively dampen the noise of your
                  | surroundings. [potion of mutation]
 43870 | Shoals:1 | Gained mutation: A frigid envelope surrounds you and
                  | freezes all who hurt you. [potion of mutation]
 43907 | Shoals:1 | XOM: 3-stop teleportation journey
 44001 | Shoals:1 | XOM: noise
 44258 | Shoals:2 | XOM: scenery: summon butterflies
 44281 | Shoals:2 | XOM: smoke on damage
 44404 | Shoals:2 | XOM: potion effect (heal wounds)
 44562 | Shoals:2 | Found a runed translucent door.
 44562 | Shoals:2 | Noticed Peloso's ghost (adept MiFi)
 44713 | Shoals:2 | Noticed Nikola
 44726 | Shoals:2 | XOM: confusion (+ monsters)
 44729 | Shoals:2 | XOM: scenery: summon butterflies
 44730 | Shoals:2 | XOM: enchant monster (good)
 44737 | Shoals:2 | Killed Nikola
 44976 | Shoals:2 | XOM: give mutations
 44976 | Shoals:2 | Lost mutation: A frigid envelope surrounds you and freezes
                  | all who hurt you. [Xom's mischief]
 44976 | Shoals:2 | Lost mutation: Your flesh is very cold resistant. (rC++)
                  | [Xom's mischief]
 44976 | Shoals:2 | Lost mutation: You are clumsy. (Dex -2) [Xom's mischief]
 44983 | Shoals:2 | XOM: noise
 45099 | Shoals:2 | XOM: god gift: scroll of enchant armour
 45205 | Shoals:2 | Killed Peloso's ghost
 45323 | Shoals:3 | XOM: polymorph centaur warrior -> shapeshifter
 45439 | Shoals:2 | XOM: summons 1 hostile demon
 46179 | Shoals:3 | XOM: noise
 46307 | Shoals:3 | XOM: confuse monster(s)
 46357 | Shoals:3 | Found Hes Giom's Visitors' Centre.
 46359 | Shoals:3 | XOM: cleaving
 46371 | Shoals:3 | XOM: confuse monster(s)
 46487 | Shoals:3 | XOM: divination: detect items
 46750 | Shoals:3 | XOM: potion effect (might)
 46753 | Shoals:3 | XOM: polymorph harpy -> hornet
 47033 | Shoals:3 | Found Hes Giom's Merfolk Magic.
 47033 | Shoals:3 | Found Hes Giom's Merfolk Armours.
 47037 | Shoals:3 | Bought a throwing net for 36 gold pieces
 47052 | Shoals:3 | Bought a scroll of teleportation for 300 gold pieces
 47062 | Shoals:3 | Bought a scarf of invisibility for 144 gold pieces
 47191 | Shoals:3 | XOM: scenery: summon butterflies
 47281 | Shoals:3 | XOM: god gift: wand of iceblast (5)
 47289 | Shoals:3 | Identified the +10 spear of Reast {flame, rF+ Int+6 Dex+2}
 47434 | Shoals:3 | XOM: scenery: summon butterflies
 47465 | Shoals:3 | XOM: give mutations
 47465 | Shoals:3 | Gained mutation: You are resistant to electric shocks.
                  | (rElec) [Xom's grace]
 47465 | Shoals:3 | Gained mutation: Your movements are slightly less
                  | encumbered by armour. (ER -2) [Xom's grace]
 47465 | Shoals:3 | Gained mutation: You are extremely robust. (+30% HP) [Xom's
                  | grace]
 47601 | Shoals:4 | Entered Level 4 of the Shoals
 47604 | Shoals:4 | XOM: polymorph harpy -> human
 47873 | Shoals:4 | Found the +7 pair of quick blades "Gyre" and "Gimble"
                  | {protect}
 47972 | Shoals:4 | XOM: snakes to sticks
 48288 | Shoals:4 | XOM: scenery: create altars
 48377 | Shoals:4 | Noticed Polyphemus
 48379 | Shoals:4 | Noticed Polyphemus
 48379 | Shoals:4 | Polyphemus changed into Polyphemus the fire giant
 48383 | Shoals:4 | Killed Polyphemus the fire giant
 48386 | Shoals:4 | XOM: divination: magic mapping
 48410 | Shoals:4 | XOM: summons 4 friendly demons
 48433 | Shoals:4 | XOM: god gift: book of Blood
 48440 | Shoals:4 | XOM: scenery: summon butterflies
 48458 | Shoals:4 | XOM: scenery: summon butterflies
 48465 | Shoals:4 | Reached XP level 18. HP: 63/192 MP: 8/18
 48509 | Shoals:4 | Reached skill level 15 in Fighting
 48669 | Shoals:4 | XOM: divination: magic mapping
 48670 | Shoals:4 | XOM: 7-stop teleportation journey
 48692 | Shoals:4 | Reached skill level 15 in Armour
 48701 | Shoals:4 | XOM: confuse monster(s)
 48812 | Shoals:4 | XOM: enchant monster (good)
 48986 | Shoals:4 | XOM: noise
 49245 | Shoals:4 | XOM: silly message
 49249 | Shoals:4 | XOM: enchant monster (good)
 49585 | Shoals:4 | XOM: cloud trail
 49711 | Shoals:4 | XOM: god gift: robe {god gift}
 49740 | Shoals:4 | Got a barnacled rune of Zot
 49880 | Shoals:4 | XOM: give mutations
 49880 | Shoals:4 | Gained mutation: You are agile. (Dex +2) [Xom's grace]
 49880 | Shoals:4 | Gained mutation: You have a pair of small antennae on your
                  | head. [Xom's grace]
 50041 | Shoals:4 | XOM: give mutations
 50041 | Shoals:4 | Lost mutation: Your movements are slightly less encumbered
                  | by armour. (ER -2) [Xom's mischief]
 50041 | Shoals:4 | Lost mutation: You are agile. (Dex +2) [Xom's mischief]
 50041 | Shoals:4 | Lost mutation: You have large cloven feet. [Xom's mischief]
 50041 | Shoals:4 | Lost mutation: You expend magic power (3 MP) to strengthen
                  | your wands. [Xom's mischief]
 50282 | D:13     | XOM: scenery: 2 doors open
 50366 | Depths:1 | Entered Level 1 of the Depths
 50366 | Depths:1 | Found a gateway to Hell.
 50565 | Depths:1 | XOM: enchant monster (good)
 50571 | Depths:1 | XOM: enchant monster (good)
 50576 | Depths:1 | XOM: confusion (+ monsters)
 50593 | Depths:1 | XOM: polymorph white very ugly thing -> purple very ugly
                  | thing
 50629 | Depths:1 | XOM: cloud trail
 50661 | Depths:1 | XOM: god gift: scroll of summoning
 50920 | Depths:1 | Found Huac Kuo's Weapon Emporium.
 50923 | Depths:1 | Found Equd Yrixt's Jewellery Shoppe.
 50926 | Depths:1 | Found Sirou's Assorted Antiques.
 50931 | Depths:1 | XOM: confuse monster(s)
 50977 | Depths:1 | Bought a bloodstained plate armour for 1260 gold pieces
 50977 | Depths:1 | Identified the +8 plate armour of Defiance {+Blink Int+2}
                  | (You bought it in a shop on level 1 of the Depths)
 50995 | Depths:1 | Bought a wand of iceblast (2) for 180 gold pieces
 50995 | Depths:1 | Bought a scroll of teleportation for 135 gold pieces
 51110 | Depths:1 | XOM: enchant monster (good)
 51200 | Depths:1 | XOM: cast spell 'Summon Small Mammal'
 51209 | Depths:1 | XOM: fog
 51245 | Depths:1 | XOM: scenery: summon butterflies
 51256 | Depths:1 | XOM: polymorph ice dragon -> jorogumo
 51411 | Depths:1 | XOM: summons 7 friendly demons
 51425 | Depths:1 | XOM: destruction
 51445 | Depths:1 | XOM: fog
 51462 | Depths:1 | XOM: cleaving
 51700 | Depths:1 | XOM: 1-stop teleportation journey
 51742 | Depths:1 | XOM: scenery: create altars
 51859 | Depths:1 | XOM: scenery: create altars
 51912 | Depths:1 | XOM: enchant monster (bad)
 51921 | Depths:1 | XOM: blink monster(s)
 52170 | Depths:1 | XOM: 2-stop teleportation journey
 52407 | Depths:1 | Found a hazy altar of Hepliaklqana.
 52408 | Depths:1 | XOM: scenery: summon butterflies
 52419 | Depths:1 | XOM: polymorph butterfly -> dart slug
 52650 | Depths:1 | XOM: confusion
 52653 | Depths:1 | XOM: polymorph fire dragon -> five-headed hydra
 52685 | Depths:1 | XOM: smoke on damage
 52685 | Depths:1 | XOM: torment (100/198 hp)
 52975 | Depths:1 | Found a corrupted altar of Lugonu.
 52975 | Depths:1 | Found a one-way gate to the infinite horrors of the Abyss.
 53041 | Depths:1 | XOM: give mutations
 53041 | Depths:1 | Gained mutation: Your system is resistant to poisons.
                  | (rPois) [Xom's grace]
 53041 | Depths:1 | Gained mutation: You expend magic power (3 MP) to
                  | strengthen your wands. [Xom's grace]
 53051 | Depths:1 | Found a one-way gate leading to the halls of Pandemonium.
 53239 | Depths:2 | Noticed Asterion
 53249 | Depths:2 | Killed Asterion
 53327 | Depths:1 | XOM: noise
 53589 | Depths:2 | Noticed a caustic shrike
 53589 | Depths:2 | a shadow dragon changed into a caustic shrike
 53589 | Depths:2 | XOM: polymorph shadow dragon -> caustic shrike
 53591 | Depths:2 | XOM: confuse monster(s)
 53605 | Depths:2 | Killed a caustic shrike
 53610 | Depths:2 | Noticed a caustic shrike
 53611 | Depths:2 | Noticed a walking crystal tome
 53613 | Depths:2 | XOM: enchant monster (good)
 53617 | Depths:2 | XOM: divination: magic mapping
 53618 | Depths:2 | Killed a walking crystal tome
 53619 | Depths:2 | Reached skill level 10 in Dodging
 53620 | Depths:2 | XOM: summons 5 friendly demons
 53622 | Depths:2 | Noticed a tentacled monstrosity
 53629 | Depths:2 | Noticed a juggernaut
 53640 | Depths:2 | Killed a tentacled monstrosity
 53641 | Depths:2 | XOM: enchant monster (good)
 53652 | Depths:2 | Killed a juggernaut
 53653 | Depths:2 | Reached XP level 19. HP: 119/209 MP: 14/19
 53660 | Depths:2 | XOM: scenery: summon butterflies
 53678 | Depths:2 | XOM: enchant monster (good)
 53696 | Depths:2 | XOM: silly message
 53877 | Depths:2 | XOM: torment (44/209 hp)
 53893 | Depths:2 | XOM: god gift: 17 stones
 53897 | Depths:2 | XOM: summons 2 hostile demons
 53905 | Depths:2 | XOM: enchant monster (bad)
 54000 | Depths:2 | XOM: give mutation
 54000 | Depths:2 | Lost mutation: You are dopey. (Int -2) [Xom's mischief]
 54147 | Depths:2 | XOM: fog
 54148 | Depths:2 | Noticed a tentacled monstrosity
 54168 | Depths:2 | XOM: chaos cloud
 54173 | Depths:2 | XOM: fake destruction
 54489 | Depths:2 | XOM: give mutations
 54489 | Depths:2 | Gained mutation: You have sharp fingernails. [Xom's
                  | mischief]
 54489 | Depths:2 | Gained mutation: Your body sometimes deteriorates upon
                  | taking damage. [Xom's mischief]
 54754 | Snake:1  | Entered Level 1 of the Snake Pit
 54834 | Snake:1  | XOM: silly message
 54839 | Snake:1  | XOM: enchant monster (bad)
 55089 | Snake:1  | XOM: divination: magic mapping
 55673 | Snake:1  | XOM: torment (106/209 hp)
 55923 | Snake:1  | XOM: summons 3 hostile shadow creatures
 56091 | Snake:1  | XOM: enchant monster (bad)
 56328 | Snake:1  | XOM: stat loss: -1 Dex (13/14)
 56608 | Snake:1  | XOM: give mutations
 56608 | Snake:1  | Lost mutation: You are resistant to electric shocks.
                  | (rElec) [Xom's mischief]
 56608 | Snake:1  | Gained mutation: You sometimes lose the ability to read
                  | scrolls when taking damage. [Xom's mischief]
 56608 | Snake:1  | Lost mutation: Your flesh is cold resistant. (rC+) [Xom's
                  | mischief]
 56717 | Snake:1  | XOM: stat loss: -1 Str (19/20)
 56849 | Lair:4   | XOM: give mutations
 56849 | Lair:4   | Gained mutation: Your flesh is heat resistant. (rF+) [Xom's
                  | mischief]
 56849 | Lair:4   | Lost mutation: You are extremely robust. (+30% HP) [Xom's
                  | mischief]
 57109 | Depths:1 | Lost mutation: Your body sometimes deteriorates upon taking
                  | damage. [potion of mutation]
 57109 | Depths:1 | Lost mutation: You have sharp fingernails. [potion of
                  | mutation]
 57109 | Depths:1 | Gained mutation: Your body sometimes deteriorates upon
                  | taking damage. [potion of mutation]
 57109 | Depths:1 | Gained mutation: You are dopey. (Int -2) [potion of
                  | mutation]
 57109 | Depths:1 | Gained mutation: Armour fits poorly on your strangely
                  | shaped body. [potion of mutation]
 57109 | Depths:1 | Gained mutation: You are somewhat resistant to further
                  | mutation. [potion of mutation]
 57110 | Depths:1 | Lost mutation: You sometimes lose the ability to read
                  | scrolls when taking damage. [potion of mutation]
 57110 | Depths:1 | Lost mutation: You are somewhat resistant to further
                  | mutation. [potion of mutation]
 57113 | Depths:1 | XOM: summons 1 hostile shadow creature
 57374 | Lair:4   | XOM: stat loss: -1 Int (15/16)
 57536 | Snake:2  | XOM: confuse monster(s)
 57543 | Snake:2  | XOM: chaos upgrade
 57551 | Snake:2  | XOM: god gift: potion of haste
 57701 | Snake:2  | XOM: 1-stop teleportation journey
 57710 | Snake:2  | XOM: confuse monster(s)
 57712 | Snake:2  | XOM: polymorph naga sharpshooter -> tarantella
 57965 | Snake:2  | XOM: divination: detect items
 58540 | Snake:2  | XOM: god gift: 24 gold pieces
 58550 | Snake:2  | XOM: noise
 59177 | Snake:3  | XOM: noise
 59326 | Snake:2  | XOM: cloud trail
 59372 | Snake:2  | XOM: summons 1 hostile demon
 59887 | Snake:3  | XOM: potion effect (haste)
 59893 | Snake:3  | Identified the +1 scale mail "Zekloch" {Contam rElec rF+++}
 60133 | Snake:3  | XOM: divination: detect items
 60595 | Snake:3  | XOM: divination: magic mapping
 60652 | Snake:3  | Noticed Donald
 60661 | Snake:3  | Killed Donald
 61324 | Snake:3  | XOM: give mutations
 61324 | Snake:3  | Lost mutation: You frequently scream uncontrollably at your
                  | foes. [Xom's mischief]
 61324 | Snake:3  | Lost mutation: Your body sometimes deteriorates upon taking
                  | damage. [Xom's mischief]
 61324 | Snake:3  | Gained mutation: You are very dopey. (Int -4) [Xom's
                  | mischief]
 61324 | Snake:3  | Lost mutation: You occasionally shout uncontrollably at
                  | your foes. [Xom's mischief]
 61703 | D:14     | You paid a toll of 4 potions of resistance to enter a
                  | treasure trove
 61704 | Trove    | Entered a treasure trove
 61724 | Trove    | Acquired 853 gold pieces
 61741 | Trove    | Got Sif Muna's Incunabulum of Flamy Cold
 61743 | Trove    | Got Sif Muna's Tome of Contamination
 61791 | Trove    | XOM: give mutations
 61791 | Trove    | Lost mutation: You are very dopey. (Int -4) [Xom's
                  | mischief]
 61791 | Trove    | Lost mutation: You expend magic power (3 MP) to strengthen
                  | your wands. [Xom's mischief]
 62048 | Snake:4  | Entered Level 4 of the Snake Pit
 62049 | Snake:4  | XOM: confusion
 62207 | Snake:4  | XOM: give mutation
 62207 | Snake:4  | Lost mutation: Your flesh is heat resistant. (rF+) [Xom's
                  | mischief]
 62342 | Snake:4  | XOM: silly message
 62353 | Snake:4  | XOM: swap monsters
 62417 | Snake:3  | XOM: summons 2 hostile shadow creatures
 62775 | Snake:4  | XOM: polymorph naga warrior -> anaconda
 63052 | Snake:4  | XOM: fake destruction
 63361 | Snake:4  | XOM: cast spell 'Summon Horrible Things'
 63373 | Snake:4  | XOM: 1-stop teleportation journey
 63456 | Snake:4  | XOM: god gift: Xom's Compendium of the Eight Tales {god
                  | gift}
 63457 | Snake:4  | Got Xom's Compendium of the Eight Tales {god gift}
 63696 | Snake:4  | Found Nitymokk's Weapon Emporium.
 63802 | Snake:4  | Bought the +10 flail "Pittoih" {spect, rElec Will+} for 939
                  | gold pieces
 63830 | Snake:4  | XOM: blink monster(s)
 63832 | Snake:4  | XOM: noise
 63857 | Snake:4  | XOM: chaos upgrade
 64142 | Snake:4  | XOM: confusion
 64150 | Snake:4  | Reached XP level 20. HP: 166/204 MP: 20/20
 64151 | Snake:4  | XOM: summons 14 friendly demons
 64420 | Snake:4  | XOM: polymorph naga -> warg
 64483 | Snake:4  | XOM: enchant monster (good)
 64563 | Snake:4  | XOM: enchant monster (good)
 64600 | Snake:4  | XOM: chaos upgrade
 64602 | Snake:4  | XOM: divination: detect creatures
 65228 | Snake:4  | XOM: fog
 65238 | Snake:4  | XOM: cast spell 'Disjunction'
 65357 | Snake:4  | XOM: silly message
 65434 | Snake:4  | Reached skill level 21 in Evocations
 65575 | Snake:4  | Got a serpentine rune of Zot
 65583 | Snake:4  | XOM is BORED!
 65583 | Snake:4  | XOM: give mutations
 65583 | Snake:4  | Lost mutation: Armour fits poorly on your strangely shaped
                  | body. [Xom's mischief]
 65583 | Snake:4  | Lost mutation: Your system is resistant to poisons. (rPois)
                  | [Xom's mischief]
 65583 | Snake:4  | Gained mutation: You passively map a small area around you.
                  | [Xom's mischief]
 65669 | Snake:4  | XOM: polymorph naga sharpshooter -> salamander
 65798 | Lair:4   | XOM: cloud trail
 66028 | Depths:2 | Killed a caustic shrike
 66144 | Depths:2 | Found a one-way gateway to a ziggurat.
 66345 | Depths:2 | Paralysed by a sphinx for 2 turns
 66429 | Depths:2 | XOM: 2-stop teleportation journey
 66480 | Depths:2 | XOM: polymorph great orb of eyes -> great orb of eyes
 66644 | Depths:2 | XOM: 4-stop teleportation journey
 66801 | Depths:2 | XOM: scenery: 2 doors close
 66834 | Depths:2 | XOM: god gift: box of beasts
 67109 | Depths:2 | XOM: give mutations
 67109 | Depths:2 | Lost mutation: You are very robust. (+20% HP) [Xom's
                  | mischief]
 67109 | Depths:2 | Gained mutation: Your skin changes colour to match your
                  | surroundings (Stealth+). [Xom's mischief]
 67147 | Depths:3 | XOM: noise
 67497 | Depths:2 | XOM: noise
 67877 | Depths:3 | XOM: cleaving
 67879 | Depths:3 | XOM: swap monsters
 67883 | Depths:3 | Noticed Margery
 68170 | Depths:2 | Killed Margery
 68467 | Depths:3 | XOM: silly message
 68468 | Depths:3 | XOM: cast spell 'Discord'
 68558 | Depths:2 | XOM: summons 3 hostile shadow creatures
 68701 | Depths:3 | XOM: give mutations
 68701 | Depths:3 | Gained mutation: You tend to lose your temper in combat.
                  | [Xom's mischief]
 68701 | Depths:3 | Lost mutation: Your skin changes colour to match your
                  | surroundings (Stealth+). [Xom's mischief]
 68713 | Depths:2 | XOM: smoke on damage
 69141 | Depths:2 | XOM: summons 11 hostile demons
 69291 | Depths:2 | XOM: give mutations
 69291 | Depths:2 | Lost mutation: You are dopey. (Int -2) [Xom's mischief]
 69291 | Depths:2 | Lost mutation: You are robust. (+10% HP) [Xom's mischief]
 69291 | Depths:2 | Lost mutation: You passively map a small area around you.
                  | [Xom's mischief]
 69881 | Depths:3 | XOM: 1-stop teleportation journey
 69995 | Depths:3 | You are sucked into a shaft and drop 1 floor!
 69995 | Depths:4 | Entered Level 4 of the Depths
 70101 | Depths:4 | Found the +8 demon trident "Rift" {distort, reach+}
 70214 | Depths:4 | XOM: blink monster(s)
 70221 | Depths:4 | XOM: draining
 70258 | Depths:4 | XOM: silly message
 70674 | Depths:4 | Found a gate to the Realm of Zot.
 70674 | Depths:4 | Noticed a bone dragon
 70674 | Depths:4 | Noticed a golden dragon
 70674 | Depths:4 | XOM: 2-stop teleportation journey
 70898 | Depths:3 | Noticed a juggernaut
 70912 | Depths:3 | Killed a juggernaut
 71355 | Depths:3 | Noticed a golden dragon
 71362 | Depths:3 | Killed a golden dragon
 71470 | Depths:3 | Noticed Jory
 71492 | Depths:3 | Killed Jory
 71493 | Depths:3 | Reached skill level 22 in Evocations
 71721 | Depths:3 | XOM: torment (89/176 hp)
 71841 | Depths:3 | XOM: summons 2 hostile shadow creatures
 72434 | Depths:3 | Noticed Mennas
 72474 | Depths:3 | Killed Mennas
 72690 | Depths:3 | XOM: torment (55/176 hp)
 73141 | Depths:3 | XOM: silly message
 73323 | Depths:3 | XOM: summons friendly shadow imp
 73325 | Depths:3 | Reached XP level 21. HP: 154/183 MP: 21/21
 73325 | Depths:3 | XOM: cast spell 'Necromutation'
 73326 | Depths:3 | XOM: confuse monster(s)
 73328 | Depths:3 | XOM: summons 3 friendly demons
 73820 | Depths:3 | XOM: silly message
 73957 | Depths:4 | XOM: potion effect (berserk rage)
 74066 | Depths:4 | XOM: 3-stop teleportation journey
 74150 | Depths:4 | XOM: polymorph deep troll earth mage -> satyr
 74155 | Depths:4 | XOM: destruction
 74161 | Depths:4 | XOM: fake destruction
 74210 | Depths:4 | XOM: give mutation
 74210 | Depths:4 | Gained mutation: Your flesh is cold resistant. (rC+) [Xom's
                  | grace]
 74643 | Vaults:1 | Entered Level 1 of the Vaults
 74671 | Vaults:1 | XOM: divination: detect creatures
 74673 | Vaults:1 | XOM: cast spell 'Leda's Liquefaction'
 74973 | Vaults:1 | XOM: enchant monster (good)
 74980 | Vaults:1 | XOM: god gift: potion of berserk rage
 75310 | Vaults:1 | XOM: confuse monster(s)
 75314 | Vaults:1 | XOM: summons friendly crimson imp
 75323 | Vaults:1 | XOM: summons friendly white imp
 75344 | Vaults:1 | Reached skill level 23 in Evocations
 75416 | Vaults:1 | XOM: scenery: create altars
 75522 | Vaults:1 | XOM: silly message
 75697 | Vaults:1 | XOM: give mutation
 75697 | Vaults:1 | Lost mutation: Your flesh is cold resistant. (rC+) [Xom's
                  | mischief]
 75787 | Vaults:1 | XOM: noise
 76436 | Vaults:1 | XOM: draining
 76820 | Vaults:1 | XOM: cast spell 'Death Channel'
 76826 | Vaults:1 | XOM: confuse monster(s)
 76843 | Vaults:1 | Killed from afar by an ironbound thunderhulk

Illustrated notes

Levels and vault maps discovered:
D:1:      enne_arrival_octagon_isle, layout_rooms, serial_shops,
          nicolae_shop_bloodbath_and_beyond
D:2:      layout_basic
D:3:      layout_basic, minmay_rat_hole
D:4:      gammafunk_wand_slinger, layout_loops_ring
D:5:      layout_cave_pools, okawaru_ov_weapons_minmay, minmay_misc_feat_x
D:6:      layout_loops_corners, minmay_temple_entry_junction, uniq_duvessa
D:7:      lemuel_insect_pit, layout_gridville,
          lightli_ossuary_entry_decrepit_ruins, gammafunk_ghost_necromancy
D:8:      layout_gridville
D:9:      layout_grid_maze, erik_orc_3
D:10:     layout_layer_cave, david_lair_shrubbed
D:11:     layout_small_grid
D:12:     layout_roguey, portal_ice_cave_entry_ice_simulacra,
          hangedman_decor_growths, fedhas_altar_2
D:13:     layout_gridville, grunt_vaults_entry_fortified, uniq_erolcha,
          uniq_maurice
D:14:     layout_basic, serial_shops, nicolae_shop_waterfront, enter_trove_1,
          grunt_decor_clamped, uniq_rupert, uniq_nessos, uniq_josephine
D:15:     hangedman_depths_entry_try_elsewhere_first, layout_small_grid,
          nicolae_concentric_dashed_squares_wild,
          pdpol_wu_jian_five_deadly_venoms
Temple:   mainiacjoe_temple_archimedes_tessellation
Lair:1:   layout_cave_pods, nzn_sisyphean_effort, uniq_erica
Lair:2:   layout_loops_ring, nicolae_volcano_entry_lava_flow,
          nicolae_quartered_pool_little, lemuel_fruit_tree, serial_bayou_shore_b
Lair:3:   layout_regular_city, minmay_shoals_entry_beasts,
          gauntlet_entry_generic
Lair:4:   layout_cave_pods, minmay_snake_entry_guardpost_small,
          kennysheep_basilisk_garden
Lair:5:   layout_loops_ring, slime_altar_1, serial_bayou_lagoon_a,
          grunt_megastairs_4
Lair:6:   grunt_lair_end_beastmaster, layout_gridlike,
          gammafunk_ghost_berserking_beasts
Shoals:1: layout_shoals, uniq_roxanne, uniq_kirke
Shoals:2: cheibrodos_shoals_baths, layout_shoals,
          hellmonk_ghost_happy_afterlife, uniq_nikola
Shoals:3: nicolae_shoals_mermall, layout_shoals
Shoals:4: shoals_end_grunt_ice, layout_shoals, uniq_polyphemus
Snake:1:  layout_grid_maze, serial_bayou_shore_b
Snake:2:  layout_layer_cave, drop_trap
Snake:3:  layout_basic, uniq_donald
Snake:4:  minmay_snake_end_coiled, layout_cave_town, serial_shops,
          nicolae_shop_waterfront
Orc:1:    layout_diamond_mine, mines2_david, uniq_snorg, uniq_jorgrun,
          uniq_sonja, uniq_nergalle
Orc:2:    st_orc_congregation, layout_caves
Vaults:1: v_misc_24, vaults_room_corners, vaults_standard_mumra_x, v_misc_22,
          nicolae_vaults_sealed_display, grunt_vaults_hallway_long,
          nicolae_vaults_little_squares_3, vaults_dpeg_ring, v_misc_30,
          vaults_room_corners, grunt_vaults_hallway_long,
          hangedman_vaults_nails, st_star, layout_vaults_ring
Depths:1: layout_basic, serial_glass, glass_columns_a, glass_columns_a,
          glass_columns_a, glass_columns_c, glass_columns_c, glass_columns_c,
          rand_demon_pan_entry_4, hell_entry, abyss_entry_flame_altar,
          chequers_serial_rivers_room_b, nicolae_hepliaklqana_monster_ancestors,
          minmay_shop_star
Depths:2: minmay_dotted_concentric_squares, layout_gridlike, enter_ziggurat_e,
          skrybe_limestone_x, hell_entry, rand_demon_pan_entry_3,
          kennysheep_donut, uniq_asterion
Depths:3: minmay_three_patterns, layout_gridville, hangedman_abyss_entry_splay,
          hell_entry, dk_noncrumbling_3, st_stairs_2, uniq_margery, uniq_jory,
          uniq_mennas
Depths:4: grunt_zot_entry_bicorn, layout_gridville, roderic_roman_lattice,
          gammafunk_ghost_grave, lightli_too_deep

Skill      XL: |  1  2  3  4  5  6  7  8  9 10 11 12 13 14 15 16 17 18 19 20 21 |
---------------+----------------------------------------------------------------+-----
Stealth        | 1 |  1.0
Fighting       | 2 3 6 9 10 11 13 14 17 18 20 21 | 21.5
Armour         | 3 6 9 10 11 13 14 17 18 | 18.0
Dodging        | 2 3 7 9 10 12 | 12.0
Evocations     | 4 5 6 7 10 12 16 20 22 23 | 23.3
Maces & Flails | 2 4 8 10 13 14 15 17 19 20 21 | 21.0

Action                   |  1- 3 |  4- 6 |  7- 9 | 10-12 | 13-15 | 16-18 | 19-21 || total
-------------------------+-------+-------+-------+-------+-------+-------+-------++-------
Melee: Club              |   119 |   117 |       |       |       |       |       ||   236
       Punch             |     5 |     1 |     2 |       |       |       |     3 ||    11
       Hand axe          |       |    74 |    93 |       |       |       |       ||   167
       Great mace        |       |       |   136 |   544 |   916 |  1198 |  1228 ||  4022
       Kick              |       |       |       |       |    40 |    70 |       ||   110
       Mace              |       |       |       |       |       |    18 |    94 ||   112
       Flail             |       |       |       |       |       |       |    88 ||    88
Throw: Throwing net      |       |       |       |       |       |       |    14 ||    14
 Abil: Hop               |     2 |       |     6 |     5 |     9 |     6 |     9 ||    37
       Evoke Blink       |       |       |       |       |       |     1 |     3 ||     4
Evoke: Wand              |    12 |     9 |    16 |    23 |    94 |    65 |    26 ||   245
       Piece from Xom's  |     2 |     2 |    14 |    13 |    23 |       |     1 ||    55
       Lightning rod     |       |       |       |       |     4 |       |       ||     4
       Box of beasts     |       |       |       |       |     2 |     2 |     3 ||     7
       Phantom mirror    |       |       |       |       |     1 |       |     2 ||     3
       Condenser vane    |       |       |       |       |       |     1 |     2 ||     3
  Use: Scroll            |     2 |     1 |     8 |    15 |    14 |    16 |    15 ||    71
       Potion            |       |       |     2 |    11 |     9 |     7 |    21 ||    50
 Stab: Petrified         |       |       |     5 |       |     4 |     4 |     2 ||    15
       Paralysed         |       |       |       |     4 |       |     5 |     1 ||    10
       Sleeping          |       |       |       |     1 |       |       |       ||     1
       Confused          |       |       |       |     1 |     2 |     2 |     7 ||    12
       Distracted        |       |       |       |       |     3 |       |     1 ||     4
       Invisible         |       |       |       |       |     1 |     4 |       ||     5
       Petrifying        |       |       |       |       |       |     2 |       ||     2
       Held in net/web   |       |       |       |       |       |       |     3 ||     3
Armor: Ring mail         |    44 |    75 |    66 |    30 |       |       |       ||   215
       Leather armour    |     3 |       |     5 |       |       |       |       ||     8
       Chain mail        |       |       |       |   250 |       |       |       ||   250
       Plate armour      |       |       |       |    51 |   870 |   839 |   834 ||  2594
Dodge: Dodged            |    88 |   157 |   165 |   266 |   705 |   849 |   895 ||  3125
       Repelled          |       |       |       |       |     5 |    14 |    25 ||    44
Block: Other             |       |       |       |   146 |     2 |       |       ||   148
       Reflection        |       |       |       |     9 |       |       |       ||     9
